 Dungeon Crawl Stone Soup version 0.30.1-11-g7821555f0a (webtiles) character file.

Game seed: 4437735477216318150

690 Ijustatesigmund the Conjurer (level 7, 0/48 HPs)
             Began as an Octopode Conjurer on Jan 12, 2024.
             Slain by Edmund
             ... wielding a +4 flail of protection
              (10 damage)
             ... on level 4 of the Dungeon.
             The game lasted 00:08:55 (4959 turns).

Ijustatesigmund the Conjurer (Octopode Conjurer)    Turns: 4959, Time: 00:08:56

Health: 0/48       AC:  1    Str:  5 (6)  XL:     7   Next: 63%
Magic:  13/13      EV: 13    Int: 21 (23) God:
Gold:   170        SH:  0    Dex: 10      Spells: 12/15 levels left

rFire   . . .        e - +2 hand axe (vamp)
rCold   . . .        (no shield)
rNeg    . . .        (helmet restricted)
rPois   .            j - amulet of regeneration
rElec   .            q - ring of willpower
rCorr   .            (no ring)
SInv    .            (no ring)
Will    +....        (no ring)
Stlth   +++          (no ring)
HPRegen 1.08/turn    (no ring)
MPRegen 0.13/turn    (no ring)
                     (no ring)

%: no passive effects
@: no status effects
A: almost no armour, amphibious, 8 rings, camouflage 1, gelatinous body 1,
(nimble swimmer 1), tentacles
a: no special abilities


You were on level 4 of the Dungeon.
You visited 1 branch of the dungeon, and saw 4 of its levels.

You collected 170 gold pieces.

Inventory:

Hand Weapons
 e - a +2 vampiric hand axe (weapon)
 m - a +4 dagger
Missiles
 k - 2 throwing nets
Armour
 c - a +0 kite shield
Jewellery
 j - an amulet of regeneration (around mantle)
 q - a ring of willpower (left tentacle)
Scrolls
 b - a scroll of enchant armour {unknown}
 f - a scroll of noise {unknown}
 h - a scroll of enchant weapon {unknown}
 l - a scroll of acquirement {unknown}
 p - a scroll of vulnerability {unknown}
Potions
 a - a potion of magic
 d - a potion of attraction
 i - a potion of flight


   Skills:
 - Level 4.2 Fighting
 + Level 1.0 Axes
 - Level 2.0 Dodging
 - Level 2.6 Stealth
 + Level 4.6 Spellcasting
 + Level 6.2 Conjurations


You had 12 spell levels left.
You knew the following spells:

 Your Spells              Type           Power      Damage    Failure   Level
a - Magic Dart            Conj           100%       1d8       1%          1
b - Searing Ray           Conj           60%        2d6       1%          2

Your spell library contained the following spells:

 Spells                   Type           Power      Damage    Failure   Level
 Dazzling Flash           Conj/Hex       34%        N/A       10%         3
 Slow                     Hex            16%        N/A       12%         1
 Fulminant Prism          Conj/Hex       8%         3d7       30%         4
 Iskenderun's Mystic Bla  Conj/Tloc      17%        2d5       30%         4
 Confusing Touch          Hex            4%         N/A       34%         3
 Vampiric Draining        Necr           4%         2d6       34%         3
 Agony                    Necr           4%         N/A       97%         5
 Silence                  Hex/Air        2%         N/A       97%         5


Dungeon Overview and Level Annotations

Branches:
Dungeon (4/15)
 Temple: D:4-7

Altars:
Kikubaaqudgha
Uskayaw
The Shining One

Annotations:
D:4 Edmund


Innate Abilities, Weirdness & Mutations

You cannot wear most types of armour.
You are amphibious.
You can wear up to eight rings at the same time.
Your skin changes colour to match your surroundings (Stealth+).
Your rubbery body absorbs attacks. (AC +1, EV +1)
((You are camouflaged when in or above water. (Stealth+)))
You have tentacles for arms and can constrict up to eight enemies at once.


Message History

No target in view!
No target in view!
No target in view!
No target in view!
There is an open door here.
There is an open door here.
There is an open door here.
Things that are here:
a +0 hand axe; a +0 chain mail; an orc skeleton You see here a +0 whip.
Items here: ( )) ÷.
Things that are here:
a +0 dagger; a +0 robe You open the door.
There is an open door, spattered with blood here.
(D) Dungeon
Where to? (Enter - D:4, ? - help) Edmund shouts!
Edmund zaps a wand.
The puff of flame hits you!
Edmund hits you with a +4 flail of protection!
You hit Edmund but do no damage. You grab Edmund.
You constrict Edmund, but do no damage. Edmund closely misses you.
You hit Edmund but do no damage. You squeeze Edmund, but do no damage.
You constrict Edmund, but do no damage.
Edmund hits you with a +4 flail of protection!
Edmund barely misses you.
You hit Edmund but do no damage. You constrict Edmund, but do no damage.
Edmund hits you with a +4 flail of protection!
* * * LOW HITPOINT WARNING * * *
Okay, then.
You hit Edmund but do no damage. You constrict Edmund, but do no damage.
Edmund zaps a wand.
The puff of flame hits you!
* * * LOW HITPOINT WARNING * * *
You hit Edmund but do no damage. You constrict Edmund, but do no damage.
Edmund barely misses you.
You hit Edmund. You squeeze Edmund, but do no damage.
Edmund is lightly wounded.
You constrict Edmund, but do no damage.
Edmund hits you with a +4 flail of protection!
You die...

#.# #####.# # #.# #...## #.# #
#.# ..... ######## #.# ##...##
###########.')).). ##.###.....##
##...........#÷....
...##.......###...###############
.###.........##...............###
.# ##.......####..#########...#..
.###.........###@## ###.#..
.##...........##@# #.#..
.#............)#.# #.#..
.................# #.###
##....[......@.#)## #..#
##...........##..## ##.#
##.........###...# #.#
##.......## ##..##### #.#
#.........# #......# #.#


You could see Edmund.

Vanquished Creatures
  An ice beast (D:4)
  2 phantoms (D:4)
  2 scorpions
  A jelly (D:4)
  An orc priest (D:4)
  An iguana (D:4)
  2 orc wizards (D:4)
  Terence (D:2)
  3 gnolls (D:2)
  4 adders
  2 worms
  4 dart slugs
  12 orcs
  4 bats
  12 endoplasms
  5 giant cockroaches
  4 goblins
  8 hobgoblins
  8 jackals
  A quokka (D:1)
  3 ball pythons
  2 frilled lizards
  8 kobolds
  4 rats (D:1)
95 creatures vanquished.

Notes
Turn   | Place    | Note
-------+----------+-------------------------------------------
     0 | D:1      | Ijustatesigmund the Octopode Conjurer began the quest for
                  | the Orb.
     0 | D:1      | Reached XP level 1. HP: 11/11 MP: 3/3
   264 | D:1      | Reached XP level 2. HP: 18/18 MP: 1/5
   441 | D:1      | Reached skill level 1 in Fighting
   929 | D:1      | Reached XP level 3. HP: 23/23 MP: 1/6
  1286 | D:2      | Noticed Terence
  1378 | D:1      | Learned a level 2 spell: Searing Ray
  1428 | D:2      | Killed Terence
  1788 | D:2      | Reached XP level 4. HP: 27/29 MP: 2/8
  2768 | D:3      | Reached XP level 5. HP: 24/35 MP: 3/9
  3308 | D:3      | Reached skill level 5 in Conjurations
  3342 | D:3      | Found a hide-covered altar of Uskayaw.
  3360 | D:3      | Found a faded altar of an unknown god.
  3785 | D:4      | Reached XP level 6. HP: 42/42 MP: 7/11
  3945 | D:4      | Found a glowing golden altar of the Shining One.
  4048 | D:4      | Found an ancient bone altar of Kikubaaqudgha.
  4344 | D:4      | Reached XP level 7. HP: 31/47 MP: 3/13
  4425 | D:4      | Noticed Edmund
  4513 | D:4      | Reached skill level 6 in Conjurations
  4904 | D:4      | Reached skill level 1 in Axes
  4959 | D:4      | Slain by Edmund

Illustrated notes

Levels and vault maps discovered:
D:1:      mainiacjoe_arrival_reflecting_pool, layout_basic
D:2:      layout_loops_ring, chequers_garden, uniq_terence
D:3:      layout_rooms, nicolae_uskayaw_suspiria, serial_bayou,
          serial_bayou_lake_a, serial_bayou_lagoon_a, serial_bayou_shore_b,
          serial_bayou_pond_b, nicolae_ecumenical_oubliette
D:4:      minmay_chambers_of_twos, layout_loops_ring,
          nicolae_overflow_crystal_walls, kennysheep_mini, st_stairs_6,
          nicolae_figureground_pulse, uniq_edmund

Skill      XL: |  1  2  3  4  5  6  7 |
---------------+----------------------+-----
Fighting       | 1 2 3 4 |  4.2
Spellcasting   | 3 4 |  4.6
Conjurations   | 5 6 |  6.2
Axes           | 1 |  1.0
Dodging        | |  2.0
Stealth        | |  2.6

Action                     |  1- 3 |  4- 6 |  7- 9 || total
---------------------------+-------+-------+-------++-------
  Melee: Tentacles         |     3 |    15 |     5 ||    23
         Constrict         |     2 |    11 |     2 ||    15
         Unarmed           |     1 |       |       ||     1
         Hand axe          |     4 |    22 |    10 ||    36
         Dagger            |       |    26 |     6 ||    32
   Cast: Magic Dart        |    53 |    66 |    10 ||   129
         Searing Ray       |     2 |    12 |     7 ||    21
    Use: Potion            |     2 |     2 |     1 ||     5
         Scroll            |       |     3 |     1 ||     4
   Stab: Sleeping          |       |     1 |       ||     1
         Distracted        |       |       |     1 ||     1
 Armour: Skin              |       |     4 |     1 ||     5
  Dodge: Dodged            |    12 |    39 |    18 ||    69
